Map: [ESL] Goldenaura

Players

Scarlett

  • Race: Zerg Zerg
  • Spawn Location: 5:00

Cham - Winner!

  • Race: Zerg Zerg
  • Spawn Location: 12:00

Event: ESL SC2 Masters 2023 Winter (Regional)

VOD

Have the link to the VOD?

Description

Time

  • Played on: Nov. 17, 2023, 3:16 p.m.
  • Length: 15:18

All games in this series

Show
View Real Time Build Order
Export as new Build Order

Scarlett Zerg 

Build Orders: 3 Hatch before Pool 

Get SALT Encoding   

  12  0:00  Drone  
  13  0:12  Overlord  
  13  0:17  Drone  
  14  0:30  Drone  
  14  0:31  Drone  
  14  0:34  Drone  
  17  0:51  Hatchery  
  17  0:54  Drone  
  17  0:57  Drone  
  18  1:17  Hatchery  
  17  1:20  Drone  
  18  1:31  Extractor  
  17  1:34  Spawning Pool  
  17  1:37  Drone  
  17  1:40  Drone  
  17  1:43  Drone  
  19  1:50  Drone  
  21  2:01  Drone  
  21  2:03  Drone  
  22  2:11  Drone  
  22  2:13  Drone  
  24  2:22  Queen x2  
  26  2:29  Queen  
  30  2:32  Metabolic Boost  
  30  2:35  Drone  
  31  2:39  Overlord  
  31  2:42  Drone  
  32  2:45  Drone  
  32  2:47  Drone  
  34  2:51  Overlord  
  34  2:59  Drone x4  
  34  3:01  Drone  
  34  3:05  Overlord  
  39  3:09  Drone x2  
  41  3:16  Drone x2  
  41  3:19  Overlord  
  43  3:24  Zergling x2  
  44  3:30  Zergling x14  
  51  3:38  Zergling x10  
  56  3:45  Zergling x4  
  58  3:57  Zergling x6  
  58  4:02  Extractor  
  60  4:03  Zergling x8, Roach Warren  
  60  4:04  Zergling x6  
  66  4:13  Overlord  
  66  4:16  Overlord  
  66  4:26  Hatchery  
  63  4:44  Roach x9  
  80  4:52  Zergling x4  
  82  4:55  Overlord  
  82  4:59  Overlord  
  82  5:09  Baneling Nest  
  81  5:15  Zergling x20, Hatchery  
  90  5:24  Drone x5  
  90  5:26  Extractor  
  94  5:35  Drone  
  94  5:36  Drone x3  
  94  5:38  Evolution Chamber  
  97  5:48  Drone x4, Overlord  
  98  5:56  Extractor  
  97  5:59  Drone  
  97  6:02  Overlord  
  97  6:03  Lair, Overlord  
  97  6:11  Zerg Missile Weapons Level 1  
  97  6:13  Drone x2  
  97  6:17  Roach x3  
  104  6:26  Roach x3  
  104  6:29  Roach x2  
  113  6:34  Roach x2  
  113  6:37  Roach  
  119  6:40  Roach  
  119  6:43  Overlord  
  121  6:47  Roach x2  
  125  7:00  Drone x2  
  127  7:07  Drone x8  
  135  7:14  Glial Reconstitution  
  135  7:15  Overseer  
  135  7:17  Overlord x3  
  135  7:25  Spine Crawler  
  135  7:26  Spine Crawler  
  135  7:29  Roach  
  135  7:42  Drone x13  
  133  7:49  Drone x5  
  137  7:55  Extractor  
  137  7:56  Drone x4  
  141  7:59  Extractor  
  141  8:03  Evolution Chamber  
  136  8:07  Zerg Missile Weapons Level 2  
  136  8:11  Hatchery  
  135  8:13  Roach  
  135  8:14  Roach x4  
  135  8:19  Ravager x4  
  148  8:24  Overlord  
  148  8:25  Overlord  
  148  8:26  Overlord x2  
  148  8:30  Zerg Ground Armor Level 1  
  148  8:31  Roach x2  
  152  8:38  Infestation Pit  
  152  8:40  Overlord x2  
  151  8:44  Roach x4  
  161  8:48  Roach x2  
  161  8:49  Roach  
  165  8:56  Roach  
  165  8:57  Roach x3  
  173  9:06  Roach x5  
  183  9:11  Spore Crawler x3  
  183  9:14  Hydralisk Den  
  183  9:17  Overlord  
  179  9:20  Pneumatized Carapace  
  179  9:25  Spore Crawler  
  179  9:26  Spore Crawler  
  179  9:29  Spore Crawler, Overlord  
  176  9:37  Overlord x2  
  172  9:42  Spore Crawler  
  170  9:52  Overlord x6  
  169  9:53  Muscular Augments  
  159  10:11  Hydralisk x8  
  175  10:17  Hydralisk x2  
  178  10:21  Hydralisk x2  
  162  10:29  Hydralisk x3  
  146  10:38  Hydralisk x3  
  136  10:43  Infestor x2  
  136  10:44  Infestor  
  136  10:48  Roach  
  144  10:50  Roach  
  144  10:54  Roach x2  
  150  10:58  Roach  
  150  10:59  Grooved Spines  
  150  11:04  Ravager x2  
  153  11:05  Ravager x2  
  153  11:06  Ravager  
  153  11:08  Hydralisk  
  153  11:10  Hydralisk x3  
  163  11:20  Roach x3  
  169  11:26  Ravager  
  169  11:27  Roach x3  
  176  11:42  Overlord x4  
  176  12:03  Hydralisk x8  
  190  12:13  Hatchery  
  161  12:27  Roach  
  161  12:28  Roach x3, Hatchery  
  166  12:42  Hatchery  
  128  12:58  Roach x3  
  118  13:08  Infestor x2  
  122  13:23  Hydralisk x3  
  98  13:34  Roach x2  
  98  13:35  Roach  
  100  13:41  Ravager  
  100  13:42  Ravager  
  100  13:46  Drone  
  103  13:49  Ravager  
  103  13:50  Infestor  
  103  13:54  Infestor  
  108  14:00  Roach x2  
  112  14:05  Drone x2  
  114  14:11  Roach x2  
  118  14:20  Drone x5  
  118  14:48  Roach  
  118  14:49  Roach x6  
  108  15:01  Ravager  
Show
View Real Time Build Order
Export as new Build Order

Cham Zerg - Winner!

Build Orders: Hatch First 

Get SALT Encoding   

  12  0:00  Drone  
  13  0:12  Overlord  
  13  0:18  Drone  
  14  0:31  Drone x2  
  16  0:48  Hatchery  
  15  0:51  Drone  
  15  0:56  Drone  
  17  1:10  Spawning Pool  
  16  1:12  Drone  
  16  1:13  Extractor  
  16  1:17  Drone  
  17  1:20  Drone  
  18  1:31  Drone  
  19  1:42  Drone  
  20  1:52  Drone  
  21  1:59  Queen x2  
  21  2:00  Drone, Overlord  
  26  2:10  Drone  
  26  2:12  Drone  
  26  2:15  Metabolic Boost  
  28  2:22  Drone x2  
  30  2:36  Hatchery  
  29  2:44  Baneling Nest  
  28  2:45  Overlord  
  28  2:50  Zergling x2  
  28  2:51  Zergling x2  
  30  2:54  Drone x2  
  30  2:56  Drone  
  33  3:04  Drone  
  33  3:05  Drone  
  35  3:10  Drone x3  
  35  3:11  Drone  
  39  3:14  Drone x2  
  39  3:17  Drone  
  39  3:19  Drone  
  43  3:25  Roach Warren  
  42  3:30  Evolution Chamber  
  42  3:31  Drone  
  42  3:34  Overlord  
  42  3:38  Queen  
  44  3:42  Overlord  
  44  3:45  Overlord  
  44  3:51  Zergling x2  
  44  3:53  Zergling x2  
  44  3:54  Zergling x6  
  49  3:56  Baneling  
  49  3:57  Baneling x2  
  49  4:00  Extractor  
  49  4:01  Extractor  
  49  4:02  Zergling x6  
  49  4:13  Baneling x2  
  49  4:16  Overlord  
  49  4:17  Roach  
  49  4:18  Roach x3  
  49  4:23  Roach x2  
  61  4:26  Roach  
  61  4:30  Roach  
  65  4:33  Overlord  
  65  4:36  Overlord  
  65  4:44  Roach x3  
  71  4:52  Roach x2  
  75  4:54  Overlord  
  75  4:56  Roach  
  77  5:04  Overlord  
  77  5:06  Roach x2  
  79  5:13  Zergling x6  
  81  5:21  Zergling x4  
  81  5:23  Zerg Missile Weapons Level 1  
  81  5:26  Roach x2  
  87  5:30  Drone  
  87  5:31  Drone x2  
  90  5:37  Drone  
  90  5:38  Roach x2  
  90  5:40  Drone  
  96  5:46  Roach x2  
  96  5:48  Drone  
  101  5:50  Drone  
  101  5:57  Lair  
  102  6:01  Drone x2  
  102  6:02  Roach  
  105  6:05  Overlord  
  105  6:19  Extractor  
  105  6:20  Drone x2  
  105  6:24  Roach  
  105  6:25  Roach x3  
  114  6:30  Baneling x2  
  114  6:32  Overlord x2  
  114  6:36  Extractor  
  114  6:37  Extractor, Overlord  
  112  6:41  Drone x2  
  112  6:42  Overlord  
  112  6:45  Overlord  
  114  6:51  Drone x7  
  114  6:52  Drone  
  122  7:02  Spire  
  122  7:03  Drone x2  
  122  7:07  Overlord  
  123  7:10  Overlord  
  123  7:14  Drone x3  
  126  7:18  Drone x2  
  126  7:21  Overlord  
  128  7:26  Overlord  
  128  7:31  Drone x3  
  128  7:32  Drone x2  
  132  7:43  Drone  
  132  7:44  Drone, Overlord  
  132  7:47  Overlord  
  132  7:58  Overlord  
  130  8:11  Hatchery  
  129  8:13  Mutalisk x2  
  129  8:14  Mutalisk x7  
  147  8:21  Mutalisk x3  
  147  8:26  Mutalisk x2  
  157  8:29  Zerg Flyer Weapons Level 1  
  157  8:32  Mutalisk  
  159  8:35  Drone x2, Overlord  
  159  8:39  Mutalisk  
  163  8:42  Drone x2  
  163  8:44  Mutalisk, Extractor  
  163  8:46  Extractor  
  165  8:48  Drone x2  
  165  8:50  Mutalisk  
  165  8:54  Overlord  
  165  8:55  Overlord  
  169  8:57  Mutalisk  
  169  9:00  Overlord  
  171  9:03  Roach  
  171  9:06  Roach x2  
  177  9:10  Overlord  
  177  9:11  Roach  
  177  9:16  Roach x2  
  183  9:19  Roach x2  
  183  9:21  Glial Reconstitution  
  186  9:33  Roach x2  
  186  9:35  Roach x4  
  196  9:40  Zergling x2, Roach  
  199  9:56  Roach x2  
  199  9:59  Roach  
  196  10:00  Roach x3  
  196  10:06  Zergling x2  
  196  10:14  Roach x2  
  183  10:29  Roach  
  183  10:30  Roach x10  
  183  10:32  Queen  
  183  10:34  Roach  
  177  10:41  Roach x4  
  160  10:48  Zerg Melee Weapons Level 1, Centrifugal Hooks  
  160  10:53  Roach  
  160  10:54  Roach x2  
  160  10:55  Roach  
  168  10:58  Ravager  
  168  10:59  Ravager x3  
  168  11:01  Roach  
  168  11:03  Roach x3  
  180  11:04  Zergling x2  
  180  11:05  Zergling x12  
  180  11:08  Zergling x4  
  189  11:13  Zergling x2  
  189  11:18  Zergling x6  
  191  11:25  Zergling x2  
  192  11:30  Roach x4  
  200  11:39  Baneling  
  200  11:40  Baneling x25  
  200  11:51  Roach  
  200  12:01  Roach x3  
  199  12:04  Roach  
  199  12:06  Roach  
  188  12:08  Roach x4  
  188  12:09  Roach x5  
  188  12:15  Roach x4  
  198  12:16  Roach  
  198  12:22  Roach  
  200  12:26  Roach x4  
  200  12:27  Roach x2  
  200  12:28  Ravager  
  189  12:36  Roach x2  
  191  12:38  Spine Crawler  
  191  12:40  Spine Crawler  
  191  12:41  Roach x8, Zerg Missile Weapons Level 2  
  191  12:42  Spine Crawler  
  191  12:43  Spine Crawler  
  194  12:47  Roach x3  
  194  12:50  Roach x2  
  186  12:56  Roach x2  
  186  12:57  Roach  
  178  13:01  Roach  
  178  13:02  Roach x2  
  184  13:07  Roach x2  
  184  13:08  Roach  
  184  13:10  Roach  
  186  13:15  Roach x2  
  184  13:24  Roach  
  184  13:25  Roach  
  157  13:27  Roach  
  157  13:31  Roach x6  
  157  13:33  Roach  
  149  13:34  Roach  
  149  13:36  Roach  
  137  13:42  Roach x3  
  137  13:46  Roach  
  137  13:47  Roach  
  147  13:51  Roach  
  147  13:53  Roach  
  151  13:56  Roach  
  151  13:57  Roach  
  151  14:01  Ravager x4  
  151  14:02  Roach  
  161  14:05  Roach x2  
  161  14:06  Roach  
  167  14:11  Roach x2  
  167  14:12  Roach  
  167  14:14  Roach  
  167  14:15  Roach  
  179  14:17  Roach  
  179  14:19  Roach  
  179  14:27  Roach x5  
  185  14:32  Roach  
  181  14:40  Roach x6  
  181  14:43  Roach x2  
  181  14:45  Roach  
  197  14:48  Roach  
  197  14:52  Roach  
  189  14:55  Roach  
  189  14:56  Roach x3  
  189  14:57  Roach  
Tags
 
Add a new tag
Caveats
  • Supply blocks, unpowered buildings, or Contaminate may cause inaccurate times.
  • Supply counts are checked every 10 seconds.